 Dungeon Crawl Stone Soup version 0.28-a0-8-g6e044cfa68 (webtiles) character file.

Game seed: 8972001208128523776

149 avis the Ruffian (level 5, -1/45 HPs)
             Began as a Hill Orc Transmuter on July 23, 2021.
             Was an Initiate of Beogh.
             Slain by Menkaure (17 damage)
             ... on level 3 of the Dungeon.
             The game lasted 00:19:31 (2763 turns).

avis the Ruffian (Hill Orc Transmuter)              Turns: 2763, Time: 00:19:31

Health: -1/45      AC:  4    Str: 15    XL:     5   Next: 31%
Magic:  7/7        EV: 11    Int: 14    God:    Beogh [......]
Gold:   26         SH:  0    Dex: 11    Spells: 3/7 levels left

rFire   + + .      SeeInvis .   a - +2 dagger (vamp)
rCold   + . .      Faith    .   (no shield)
rNeg    . . .      Spirit   .   n - +0 leather armour
rPois   +          Reflect  .   (no helmet)
rElec   +          Harm     .   (no cloak)
rCorr   +          Rampage  .   f - +0 pair of gloves {archery}
Will    .....                   (no boots)
Stlth   +.........              (no amulet)
HPRegen 0.15/turn               g - ring of protection from fire
MPRegen 0.10/turn               x - ring of poison resistance

@: about to teleport, resistant
A: deterioration 1, strong 1
a: Renounce Religion


You were on level 3 of the Dungeon.
You worshipped Beogh.
Beogh was noncommittal.
You visited 1 branch of the dungeon, and saw 4 of its levels.

You collected 103 gold pieces.
You spent 77 gold pieces at shops.

Inventory:

Hand Weapons
 a - a +2 vampiric dagger (weapon)
 h - a +0 trident
Missiles
 c - 70 bolts
 j - 42 sling bullets
 k - 35 stones
 w - 18 arrows
Armour
 e - a +0 pair of gloves
 f - a +0 pair of gloves of archery (worn)
 n - a +0 leather armour (worn)
 r - a +0 ring mail
 t - a +0 robe
Jewellery
 d - a ring of ice
 g - a ring of protection from fire (left hand)
 x - a ring of poison resistance (right hand)
Scrolls
 b - a scroll of vulnerability {unknown}
 i - 2 scrolls of identify
 l - a scroll of holy word {unknown}
 o - a scroll of blinking {unknown}
 q - a scroll of immolation {unknown}
 s - a scroll of teleportation
 u - 2 scrolls of enchant armour {unknown}
 y - a scroll of fog


   Skills:
 - Level 3.0 Fighting
 - Level 2.0 Dodging
 - Level 5.0 Unarmed Combat
 * Level 1.9 Spellcasting
 + Level 2.0 Transmutations


You had 3 spell levels left.
You knew the following spells:

 Your Spells              Type           Power      Damage    Failure   Level
a - Beastly Appendage     Tmut           12%        N/A       13%         1
p - Spider Form           Tmut/Pois      2%         N/A       52%         3

Your spell library contained the following spells:

 Spells                   Type           Power      Damage    Failure   Level
 Wereblood                Tmut           6%         N/A       21%         2
 Animate Skeleton         Necr           2%         N/A       30%         1
 Apportation              Tloc           2%         N/A       30%         1
 Corona                   Hex            1%         N/A       30%         1
 Summon Small Mammal      Summ           4%         N/A       30%         1
 Passwall                 Tmut/Erth      3%         N/A       30%         2
 Swiftness                Air            1%         N/A       65%         3
 Ice Form                 Ice/Tmut       4%         N/A       89%         4
 Invisibility             Hex            0%         N/A       100%        6


Dungeon Overview and Level Annotations

Branches:
Dungeon (4/15)
 Temple: D:4-7

Altars:

Shops:
D:1 ?

Annotations:
D:3 Menkaure


Innate Abilities, Weirdness & Mutations

Your body sometimes deteriorates upon taking damage.
Your muscles are strong. (Str +2)


Message History

* * * LOW HITPOINT WARNING * * *
Okay, then.
It was a potion of resistance.
You feel protected. Menkaure hits you.
* * * LOW HITPOINT WARNING * * *
It was a potion of mutation.
You feel extremely strange.
You feel yourself wasting away.
You feel stronger.
It was a potion of ambrosia.
You are confused.
You feel invigorated.
Menkaure points at you and mumbles some strange words.
Pain shoots through your body!
* * * LOW HITPOINT WARNING * * *
You hit Menkaure but do no damage.
Menkaure is lightly damaged.
Menkaure hits you but does no damage.
Your horns disappear.
Your talons disappear.
Menkaure completely misses you.
Menkaure mumbles some strange words.
Menkaure seems to speed up.
Things that are here:
a +0 leather armour; a +0 club You hit Menkaure.
Menkaure is moderately damaged.
Menkaure barely misses you.
You closely miss Menkaure.
Menkaure is moderately damaged.
Menkaure hits you!
You barely miss Menkaure. You punch Menkaure, but do no damage.
Menkaure is moderately damaged.
You feel less invigorated.
You feel less confused. Menkaure misses you.
You hit Menkaure.
Menkaure is moderately damaged.
Menkaure hits you.
As you read the scroll of teleportation, it crumbles to dust.
You feel strangely unstable. Menkaure hits you!
You die...

##......<...........[...........
##..#.######........<....##......
...##...## #.#......)<......#....
#######..# #.#...........##...#.#
# ##.###.#...[............... ###
#...#.....[.......######.. ..#
###.........).##..# #.. #.##
###........####.## #.. #..#
#....@...# #..# #.. ##.##
#....M...# ##.# #.. #..###
#........# #.## ##. ##...####
#...#>##### #..######
###<...###..##.....# ##.......
####..##.#######.## ######..
##.##.# #..#### ##...# #.##.#
##....###..#..
###.##.###########..##.###.


You could see Menkaure (fast).

Vanquished Creatures
  2 orc priests
  2 adders (D:2)
  A dart slug (D:2)
  An orc (D:3)
  7 ball pythons
  5 endoplasms
  5 giant cockroaches
  3 goblins
  9 hobgoblins
  3 jackals (D:2)
  3 quokkas
  2 bats (D:1)
  16 frilled lizards
  4 kobolds
  8 rats
71 creatures vanquished.

Vanquished Creatures (others)
  An orc priest (D:3)
  A worm (D:3)
  5 orcs (D:3)
  3 plants (D:2)
10 creatures vanquished.

Grand Total: 81 creatures vanquished

Notes
Turn   | Place    | Note
-------+----------+-------------------------------------------
     0 | D:1      | avis the Hill Orc Transmuter began the quest for the Orb.
     0 | D:1      | Reached XP level 1. HP: 16/16 MP: 3/3
    74 | D:1      | Found Rueskiwi's Magic Scroll Emporium.
   296 | D:1      | Reached XP level 2. HP: 22/23 MP: 2/4
   298 | D:1      | Reached skill level 4 in Unarmed Combat
   719 | D:1      | Reached XP level 3. HP: 28/28 MP: 3/5
   957 | D:1      | Learned a level 3 spell: Spider Form
   974 | D:1      | Bought a scroll of identify for 22 gold pieces
  1491 | D:2      | Reached XP level 4. HP: 33/36 MP: 4/6
  1867 | D:3      | Became a worshipper of Beogh the Brigand
  1915 | D:2      | Reached skill level 5 in Unarmed Combat
  2113 | D:3      | Reached XP level 5. HP: 39/45 MP: 7/7
  2517 | D:1      | Bought a scroll of teleportation for 33 gold pieces
  2517 | D:1      | Bought a scroll of fog for 22 gold pieces
  2747 | D:4      | Noticed Menkaure
  2747 | D:4      | Noticed an ogre
  2752 | D:3      | HP: 2/45 [Menkaure (2)]
  2753 | D:3      | Gained mutation: Your body sometimes deteriorates upon
                  | taking damage. [potion of mutation]
  2753 | D:3      | Gained mutation: Your muscles are strong. (Str +2) [potion
                  | of mutation]
  2763 | D:3      | Slain by Menkaure

Illustrated notes

Levels and vault maps discovered:
D:1:      lemuel_arrival_room, layout_basic, serial_shops, shop
D:2:      layout_basic, minmay_lizard_king
D:3:      layout_rooms, minmay_statues_item
D:4:      layout_loops_ring, grunt_qazlal_sundering, minivault_24,
          amcnicky_mini_corridor_feature, uniq_menkaure

Skill      XL: |  1  2  3  4 |
---------------+-------------+-----
Unarmed Combat | 4 5 |  5.0
Transmutations | 2 |  2.0
Fighting       | 2 3 |  3.0
Dodging        | 2 |  2.0
Spellcasting   | |  1.9

Action                   |  1- 3 |  4- 6 || total
-------------------------+-------+-------++-------
Melee: Unarmed           |   113 |    44 ||   157
       Kick              |    15 |    11 ||    26
       Headbutt          |    13 |     5 ||    18
       Punch             |       |     4 ||     4
       Dagger            |       |    23 ||    23
 Cast: Beastly Appendage |    28 |    21 ||    49
Invok: Convert to Beogh  |       |     1 ||     1
  Use: Potion            |       |     3 ||     3
       Scroll            |       |     1 ||     1
Armor: Robe              |    21 |       ||    21
       Leather armour    |     5 |    23 ||    28
Dodge: Dodged            |    64 |    56 ||   120

Table legend: (Time is in decaauts)
 A = Elapsed time spent in this place.
 B = Non-inter-level travel time spent in this place.
 C = Inter-level travel time spent in this place.
 D = Time resting spent in this place.
 E = Time spent auto-exploring this place.
 F = Levels seen in this place.
 G = Mean time per level.
                   A        B        C        D        E       F      G
               +--------+--------+--------+--------+--------+-----+--------+
         Total |   2760 |   2421 |    339 |    860 |    856 |   4 |  690.0 |
       Dungeon |   2760 |   2421 |    339 |    860 |    856 |   4 |  690.0 |
               +--------+--------+--------+--------+--------+-----+--------+

Top non-repeatable levels by time:
     D:1: 1179 daAuts
     D:2: 1039 daAuts
     D:3: 531 daAuts
     D:4: 10 daAuts
